 Dungeon Crawl Stone Soup version 0.24.0-125-gc4c63601f3 (webtiles) character file.

Game seed: 1489435553155074870, levelgen mode: deterministic

4268 babo the Spear-Bearer (level 10, 0/71 HPs)
             Began as an Octopode Fighter on Mar 21, 2020.
             Was a Believer of Fedhas.
             Slain by a white ugly thing (32 damage)
             ... on level 9 of the Dungeon.
             The game lasted 00:28:40 (10952 turns).

babo the Spear-Bearer (Octopode Fighter)           Turns: 10952, Time: 00:28:41

Health: 0/71       AC:  1    Str: 16    XL:     10   Next: 31%
Magic:  16/21      EV: 13    Int:  9    God:    Fedhas [**....]
Gold:   117        SH: 10    Dex: 14    Spells: 11/12 levels left

rFire    . . .     SeeInvis .   a - +2 trident (venom)
rCold    . . .     Gourm    .   w - +0 shield
rNeg     . . .     Faith    .   (helmet restricted)
rPois    .         Spirit   .   (no amulet)
rElec    +         Reflect  .   B - ring of resist corrosion
rCorr    +         Harm     .   N - ring of magical power
MR       +....     Rnd*Rage +   M - ring of protection from magic
Stlth    ++++......             (no ring)
HPRegen  0.21/turn              (no ring)
MPRegen  0.17/turn              (no ring)
                                (no ring)
                                (no ring)

@: no status effects
A: almost no armour, stealthy swim, amphibious, 8 rings, constrict 8, antennae
1, camouflage 1, berserk 1, dopey 1, electricity resistance, gelatinous body 1
a: Wall of Briars, Renounce Religion


You were on level 9 of the Dungeon.
You worshipped Fedhas.
Fedhas was pleased with you.
You were not hungry.

You visited 2 branches of the dungeon, and saw 10 of its levels.

You collected 375 gold pieces.
You spent 258 gold pieces at shops.

Inventory:

Hand Weapons
 a - a +2 trident of venom (weapon)
 b - the +7 dagger of Gravity {flame, Str+4 Int-3}
   (You found it on level 6 of the Dungeon)

   It has been specially enchanted to burn those struck by it, causing extra
   injury to most foes and up to half again as much damage against particularly
   susceptible opponents.
   It affects your strength (+4).
   It affects your intelligence (-3).
 u - a +2 hand axe of venom
 J - a +0 trident
Missiles
 e - 8 javelins
 m - 31 poisoned darts (quivered)
Armour
 w - a +0 shield (worn)
Jewellery
 B - a ring of resist corrosion (left tentacle)
 D - the amulet "Seothuof" {Harm *Drain rElec rN+}
   (You bought it in a shop on level 6 of the Dungeon)

   [amulet of harm]

   It increases damage dealt and taken.
   It insulates you from electricity.
   It protects you from negative energy.
   It causes draining when unequipped.
 M - a ring of protection from magic (on tentacle)
 N - a ring of magical power (right tentacle)
Wands
 f - a wand of iceblast (8)
 t - a wand of clouds (15)
 v - a wand of paralysis (9)
 A - a wand of digging (5)
 G - a wand of disintegration (10)
 I - a wand of flame (24)
Scrolls
 g - a scroll of random uselessness {unknown}
 j - 3 scrolls of amnesia {unknown}
 l - 6 scrolls of teleportation {unknown}
 p - 3 scrolls of magic mapping {unknown}
 q - a scroll of remove curse {unknown}
 x - 2 scrolls of enchant armour {unknown}
 y - a scroll of immolation {unknown}
 C - a scroll of noise {unknown}
 E - 2 scrolls of enchant weapon {unknown}
 F - a scroll of fear {unknown}
 L - 2 scrolls of identify
 O - a scroll of holy word {unknown}
Potions
 c - 2 potions of might
 h - 2 potions of cancellation
 i - 6 potions of curing
 k - 2 potions of heal wounds
 n - a potion of ambrosia
 o - a potion of magic
 r - 2 potions of brilliance
 s - 3 potions of lignification
 H - a potion of agility
Miscellaneous
 z - a sack of spiders
Comestibles
 d - 25 rations
 K - a chunk of flesh


   Skills:
 + Level 7.1 Fighting
 - Level 3.0 Short Blades
 * Level 8.5 Polearms
 + Level 3.9 Throwing
 - Level 3.2 Dodging
 - Level 5.1 Stealth
 + Level 7.6 Shields
 - Level 1.9 Spellcasting
 - Level 2.1 Hexes
 * Level 1.2 Invocations


You had 11 spell levels left.
You knew the following spells:

 Your Spells              Type           Power        Failure   Level  Hunger
a - Confusing Touch       Hex            #.....       36%         1    ##.....

Your spell library contained the following spells:

 Spells                   Type           Power        Failure   Level  Hunger
 Beastly Appendage        Tmut           #.....       65%         1    ##.....
 Magic Dart               Conj           #...         65%         1    ##.....
 Confuse                  Hex            #.......     73%         3    ####...
 Searing Ray              Conj           #.....       80%         2    ###....
 Sticks to Snakes         Tmut           #.......     80%         2    ###....
 Dazzling Spray           Conj/Hex       #.....       86%         3    ####...
 Gell's Gravitas          Tloc           #.........   95%         3    ####...
 Spider Form              Tmut/Pois      #.........   95%         3    ####...
 Fulminant Prism          Conj/Hex       #.........   99%         4    #####..
 Force Lance              Conj/Tloc      #.......     100%        4    #####..
 Ice Form                 Ice/Tmut       #.......     100%        4    #####..
 Iskenderun's Mystic Bla  Conj           #.......     100%        4    #####..
 Petrify                  Tmut/Erth      #.......     100%        4    #####..
 Blade Hands              Tmut           #.........   100%        5    ######.
 Metabolic Englaciation   Hex/Ice        #.........   100%        5    ######.
 Yara's Violent Unravell  Hex/Tmut       #.........   100%        5    ######.


Dungeon Overview and Level Annotations

Branches:
Dungeon (9/15)             Temple (1/1) D:4
   Lair: D:8-11         Orc: D:9-12

Altars:
Ashenzari
Cheibriados
Dithmenos
Elyvilon
Fedhas
Gozag
Hepliaklqana
Kikubaaqudgha
Makhleb
Nemelex Xobeh
Okawaru
Qazlal
Ru
Sif Muna
Trog
Uskayaw
Vehumet
Wu Jian
Xom
Yredelemnul
Zin
The Shining One

Shops:
D:6 [*(%(

Annotations:
D:2 exclusion: downstairs
D:5 exclusions: downstairs and ice beast
D:6 exclusion: downstairs


Innate Abilities, Weirdness & Mutations

You cannot wear most types of armour.
You are very stealthy in the water. (Stealth+)
You are amphibious.
You can wear up to eight rings at the same time.
You can use your tentacles to constrict eight enemies at once.
Your skin changes colour to match your surroundings (Stealth+).
Your rubbery body absorbs attacks. (AC +1, EV +1)
You have a pair of small antennae on your head.
You tend to lose your temper in combat.
You are dopey. (Int -2)
You are resistant to electric shocks. (rElec)


Message History

Evoke which item? (* to show all) (? for menu, Esc to quit)
Aiming: Paralyse
Press: ? - help, Shift-Dir - straight line, f/p - white ugly thing
Aim: a white ugly thing (lightly wounded, poisoned, chance to defeat MR: 28%)
Okay, then.
Evoke which item? (* to show all) (? for menu, Esc to quit)
Aiming: Disintegrate
Press: ? - help, Shift-Dir - straight line, f/p - white ugly thing
Aim: a white ugly thing (lightly wounded, poisoned, chance to defeat MR: 48%)
Okay, then.
You hit the white ugly thing. You grab the white ugly thing.
The white ugly thing is lightly wounded.
You constrict the white ugly thing. The white ugly thing stings you!
The white ugly thing freezes you!
You hit the white ugly thing.
The white ugly thing looks even sicker.
The white ugly thing is lightly wounded.
You constrict the white ugly thing. The white ugly thing stings you!
The white ugly thing freezes you!!
You die...
Fedhas appreciates your contribution to the ecosystem.

#......# #####((....#
#..........#
#..........#
#..(.......##
#...........# ...
#...........#
#...#u..........#
#...#@..รท......?#
#...#+###.......#
#.......'.......#
#.......#.......#..
####.......#.#####+#..
#..........#+#........
#.....................
#.....................
#.....................


You could see a white ugly thing.

Vanquished Creatures
  A spriggan (D:8)
  A wraith (D:7)
  A hungry ghost (D:8)
  Menkaure (D:4)
  Duvessa (D:6)
  2 orc warriors
  2 sky beasts (D:9)
  3 ogres
  A necrophage (D:6)
  3 phantoms
  3 centaurs
  2 crocodiles
  A big kobold (D:8)
  A wyvern zombie (D:7)
  Dowan (D:6)
  A scorpion (D:7)
  4 killer bees
  4 howler monkeys
  6 wights
  2 crimson imps
  2 bullfrog zombies
  2 centaur zombies
  7 hounds
  A quasit (D:7)
  A jelly (D:5)
  8 orc wizards
  5 orc priests
  A bullfrog skeleton (D:4)
  A centaur skeleton (D:6)
  3 iguanas
  7 worker ants
  A hound zombie (D:8)
  A hound skeleton (D:7)
  11 adders
  A howler monkey skeleton (D:7)
  4 shadow imps
  4 adder skeletons
  2 worms
  2 dart slugs (D:2)
  5 leopard geckos
  28 orcs
  8 bats
  5 giant cockroaches
  5 goblins
  6 hobgoblins
  17 jackals
  4 quokkas
  A ball python (D:1)
  3 frilled lizards
  A jackal skeleton (D:7)
  13 kobolds
  A leopard gecko skeleton (D:4)
  7 rats
209 creatures vanquished.

Notes
Turn   | Place    | Note
-------+----------+-------------------------------------------
     0 | D:1      | babo the Octopode Fighter began the quest for the Orb.
     0 | D:1      | Reached XP level 1. HP: 16/16 MP: 1/1
    67 | D:1      | Reached XP level 2. HP: 21/21 MP: 2/2
   489 | D:1      | Reached XP level 3. HP: 26/26 MP: 3/3
   925 | D:2      | Reached skill level 1 in Stealth
  1397 | D:2      | Reached XP level 4. HP: 33/33 MP: 4/4
  1627 | D:2      | Found an ornate altar of the Wu Jian Council.
  1629 | D:2      | Found a shimmering altar of Xom.
  1630 | D:2      | Found a shadowy altar of Dithmenos.
  1631 | D:2      | Found a glowing silver altar of Zin.
  1632 | D:2      | Found a shimmering blue altar of Sif Muna.
  1632 | D:2      | Found a stormy altar of Qazlal.
  2179 | D:3      | Reached skill level 3 in Polearms
  2179 | D:3      | Reached XP level 5. HP: 25/37 MP: 5/5
  2591 | D:4      | Found a staircase to the Ecumenical Temple.
  2658 | Temple   | Entered the Ecumenical Temple
  2856 | D:4      | Noticed Menkaure
  2975 | D:4      | Noticed a centaur
  2983 | D:4      | Killed a centaur
  2983 | D:4      | Reached skill level 4 in Polearms
  2983 | D:4      | Reached XP level 6. HP: 38/43 MP: 6/6
  3105 | D:4      | Reached skill level 1 in Throwing
  3307 | D:5      | Entered Level 5 of the Dungeon
  3319 | D:5      | Reached skill level 5 in Stealth
  3423 | D:5      | Found an iron altar of Okawaru.
  3480 | D:5      | Noticed an ice beast
  3574 | D:5      | Noticed a phantom
  3804 | D:5      | Reached XP level 7. HP: 25/48 MP: 7/7
  3982 | D:5      | Reached skill level 5 in Polearms
  4618 | D:6      | Found Othryrghuc's Antique Weapon Shop.
  4989 | D:6      | Found Alirr's Armour Shop.
  5007 | D:6      | Found Nerarph Dojy's Food Shop.
  5189 | D:6      | Found Yniach's Antique Weapon Shoppe.
  5206 | D:6      | Reached skill level 6 in Polearms
  5206 | D:6      | Reached XP level 8. HP: 48/54 MP: 8/8
  5207 | D:6      | Found a hide-covered altar of Uskayaw.
  5241 | D:6      | Got a brightly glowing dagger
  5242 | D:6      | Identified the +7 dagger of Gravity {flame, Str+4 Int-3}
                  | (You found it on level 6 of the Dungeon)
  5255 | D:6      | Noticed Duvessa
  5301 | D:6      | Noticed Dowan
  5324 | D:6      | Killed Duvessa
  5324 | D:6      | Reached skill level 5 in Fighting
  5325 | D:6      | Killed Dowan
  5550 | D:6      | Found a sacrificial altar of Ru.
  5659 | D:6      | Found a radiant altar of Vehumet.
  5760 | D:6      | Found Hettim's Assorted Antiques.
  5763 | D:6      | Bought a twitching iron amulet for 115 gold pieces
  5763 | D:6      | Identified the amulet "Seothuof" {Harm *Drain rElec rN+}
                  | (You bought it in a shop on level 6 of the Dungeon)
  6218 | D:7      | Reached skill level 7 in Polearms
  6373 | D:7      | Reached skill level 1 in Short Blades
  6389 | D:7      | Found a blossoming altar of Fedhas.
  6391 | D:7      | Found an ancient bone altar of Kikubaaqudgha.
  6396 | D:7      | Reached skill level 5 in Shields
  6401 | D:7      | Became a worshipper of Fedhas Madash
  6471 | D:7      | Found a shimmering blue altar of Sif Muna.
  6948 | D:8      | Noticed a wraith
  7162 | D:8      | Found a basalt altar of Yredelemnul.
  7191 | D:7      | Reached XP level 9. HP: 35/62 MP: 9/9
  8104 | D:8      | Reached * piety under Fedhas
  8537 | D:4      | Killed Menkaure
  8704 | D:6      | Bought a runed trident for 143 gold pieces
  8746 | D:7      | Learned a level 1 spell: Confusing Touch
  8885 | D:8      | Reached skill level 1 in Hexes
  8945 | D:8      | Reached skill level 1 in Spellcasting
  9320 | D:8      | Reached ** piety under Fedhas
  9403 | D:7      | Reached XP level 10. HP: 48/69 MP: 12/12
  9722 | D:8      | Reached skill level 8 in Polearms
  9948 | D:8      | Gained mutation: You are resistant to electric shocks.
                  | (rElec) [potion of mutation]
  9948 | D:8      | Gained mutation: You are dopey. (Int -2) [potion of
                  | mutation]
  9948 | D:8      | Gained mutation: You tend to lose your temper in combat.
                  | [potion of mutation]
  9948 | D:8      | Gained mutation: You have a pair of small antennae on your
                  | head. [potion of mutation]
 10523 | D:9      | Reached skill level 1 in Invocations
 10945 | D:9      | Noticed a white ugly thing
 10952 | D:9      | Slain by a white ugly thing

Levels and vault maps discovered:
D:1:      dpeg_arrival_windows_large_door, layout_basic, st_stairs_14
D:2:      layout_loops_ring, grunt_temple_overflow_open, first_ration,
          serial_bayou_ford_a, minmay_heptomino_d4
D:3:      layout_basic
D:4:      layout_cave_pods, minmay_temple_entry_junction, uniq_menkaure
D:5:      layout_basic, okawaru_metal_pillars_1_2
D:6:      layout_cave_pools, vehumet_crystals, nicolae_ru_awakened_eye,
          eat_drink_and_be_merry_uskayaw, serial_shops, shop, shop,
          nicolae_shop_temple_entry_statues_fountains, nicolae_shop_trees,
          nicolae_shop_behind_doors, minmay_misc_feat_square, uniq_duvessa
D:7:      layout_basic, grunt_temple_overflow_growth_and_decay, led_sif_pool
D:8:      layout_cave_pools, yredelemnul_altar_generic, the_bakery
D:9:      layout_irregular_city
Temple:   cyrus_temple_forest

Skill      XL: |  1  2  3  4  5  6  7  8  9 10 |
---------------+-------------------------------+-----
Stealth        | 2 3 4 5 |  5.1
Polearms       | 3 4 6 7 8 |  8.5
Fighting       | 4 5 6 7 |  7.1
Throwing       | 1 2 3 |  3.9
Shields        | 5 7 |  7.6
Short Blades   | 1 2 3 |  3.0
Hexes          | 1 2 |  2.1
Spellcasting   | 1 |  1.9
Invocations    | 1 |  1.2
Dodging        | |  3.2

Action                   |  1- 3 |  4- 6 |  7- 9 | 10-12 || total
-------------------------+-------+-------+-------+-------++-------
Melee: Trident           |    87 |    99 |    85 |    74 ||   345
       Constrict         |    19 |    21 |    56 |    10 ||   106
       Tentacles         |    13 |    16 |    74 |    12 ||   115
       Dagger            |       |       |   211 |     7 ||   218
Throw: Dart              |     5 |     7 |    33 |    16 ||    61
  Use: Scroll            |       |     3 |     3 |     5 ||    11
       Potion            |       |       |     2 |     1 ||     3
 Stab: Sleeping          |    12 |    17 |    11 |     3 ||    43
       Distracted        |       |       |     3 |       ||     3
  Eat: Chunk             |     2 |     7 |    16 |     5 ||    30
       Ration            |       |       |     1 |       ||     1
Armor: Skin              |     5 |     2 |    10 |     1 ||    18
Dodge: Dodged            |    26 |    21 |   125 |    24 ||   196
Block: Shield            |    26 |    19 |   160 |    13 ||   218
